 Dungeon Crawl Stone Soup version 0.29.1-2-gbd0b4ee654 (webtiles) character file.

Game seed: 3839766602857754131

10704 croobank the Sneak (level 11, -1/84 HPs)
             Began as a Demonspawn Conjurer on Nov 1, 2022.
             Was an Initiate of Gozag.
             Slain by a two-headed ogre
             ... wielding a +0 giant club
              (11 damage)
             ... on level 10 of the Dungeon.
             The game lasted 00:53:51 (16598 turns).

croobank the Sneak (Demonspawn Conjurer)           Turns: 16598, Time: 00:53:52

Health: -1/84      AC:  6    Str:  9    XL:     11   Next: 39%
Magic:  0/19       EV: 14    Int: 29    God:    Gozag
Gold:   298        SH:  0    Dex: 11    Spells: 7/21 levels left

rFire   + . .      SeeInvis .   y - +4 long sword (vorpal)
rCold   x . .      Faith    .   (no shield)
rNeg    . . .      Spirit   +   I - +0 steam dragon scales
rPois   .          Reflect  .   (helmet restricted)
rElec   .          Harm     .   (no cloak)
rCorr   .          Rampage  .   (gloves unavailable)
Will    .....                   o - +0 pair of boots
Stlth   +++.......              i - amulet of guardian spirit
HPRegen 0.24/turn               e - +6 ring of intelligence
MPRegen 0.16/turn               q - ring of fire

@: no status effects
A: antennae 2, claws 3, powered by death 1, spiny 1, weakness stinger 1
a: Renounce Religion, Potion Petition, Call Merchant, Bribe Branch


You were on level 10 of the Dungeon.
You worshipped Gozag.
Gozag was aware of your devotion.
You visited 2 branches of the dungeon, and saw 12 of its levels.

You collected 1801 gold pieces.
You spent 390 gold pieces at shops.
You paid 1113 gold pieces to Gozag.

Inventory:

Hand Weapons
 m - a +3 halberd
 p - a +0 vampiric dagger
 y - a +4 vorpal long sword (weapon)
 D - a +2 whip of distortion
 H - a +2 short sword of venom
 K - a +4 hand axe
 M - a +0 spectral quarterstaff
 P - a +4 morningstar
 Q - a +3 trident
 R - a +2 vampiric spear
Missiles
 h - 23 poisoned darts
 k - 2 atropa-tipped darts
 B - 3 throwing nets
Armour
 a - a +0 robe
 g - a +0 leather armour
 j - a +1 helmet
 o - a +0 pair of boots (worn)
 I - +0 steam dragon scales (worn)
Jewellery
 d - a ring of willpower
 e - a +6 ring of intelligence (left claw)
 i - an amulet of guardian spirit (around neck)
 q - a ring of fire (right claw)
 z - a ring of willpower
 E - a +6 ring of strength
 L - a ring of see invisible
 N - a ring of resist corrosion
Wands
 n - a wand of roots (4)
Scrolls
 c - 6 scrolls of fog
 t - 3 scrolls of teleportation
 x - a scroll of immolation
 G - a scroll of poison
 O - a scroll of vulnerability
Potions
 f - 2 potions of flight
 l - 4 potions of brilliance
 r - 3 potions of lignification {unknown}
 s - 2 potions of attraction {unknown}
 u - 3 potions of curing
 v - a potion of invisibility {unknown}
 w - 2 potions of might {unknown}
 A - 2 potions of ambrosia {unknown}
 F - a potion of haste {unknown}
 J - 2 potions of mutation {unknown}
Miscellaneous
 C - a tin of tremorstones (2/2)


   Skills:
 + Level 7.0 Fighting
 + Level 4.0 Maces & Flails
 + Level 6.8 Dodging
 + Level 7.3 Stealth
 - Level 5.8 Spellcasting
 - Level 7.2 Conjurations
 - Level 6.0 Translocations
 * Level 5.5 Poison Magic
 - Level 2.0 Evocations


You had 7 spell levels left.
You knew the following spells:

 Your Spells              Type           Power      Damage    Failure   Level
a - Magic Dart            Conj           100%       1d8       1%          1
b - Searing Ray           Conj           100%       2d8       1%          2
c - Iskenderun's Mystic   Conj/Tloc      47%        2d10      3%          4
d - Dazzling Flash        Conj/Hex       58%        N/A       3%          3
e - Olgreb's Toxic Radia  Pois           40%        N/A       6%          4

Your spell library contained the following spells:

 Spells                   Type           Power      Damage    Failure   Level
 Sting                    Tmut/Pois      96%        1d7       1%          1
 Poisonous Vapours        Pois/Air       48%        N/A       2%          2
 Fulminant Prism          Conj/Hex       14%        3d9       13%         4


Dungeon Overview and Level Annotations

Branches:
Dungeon (11/15)            Temple (1/1) D:7            Lair (0/5) D:9
    Orc (0/2) D:10

Altars:
Ashenzari
Cheibriados
Dithmenos
Fedhas
Gozag
Hepliaklqana
Kikubaaqudgha
Makhleb
Okawaru
Qazlal
Ru
Sif Muna
Trog
Uskayaw
Vehumet
Wu Jian
Xom
Yredelemnul

Shops:
D:7 =(![

Annotations:
D:9 2 runed translucent doors
D:10 6 runed translucent doors


Innate Abilities, Weirdness & Mutations

You have a pair of antennae on your head.
You have claws for hands.
You regenerate a little health from kills.
You are partially covered in sharp spines.
You have a small tail.


Message History

The two-headed ogre is struck by your spines.
The two-headed ogre hits you with a +0 giant club.
The two-headed ogre closely misses you.
You slash the two-headed ogre!
The two-headed ogre is severely wounded.
The two-headed ogre is struck by your spines.
The two-headed ogre barely misses you. The two-headed ogre misses you.
Casting: Dazzling Flash (mildly dangerous; 3% risk of failure)
Confirm with . or Enter, or press ? or * to list all spells.
You don't have enough magic to cast this spell.
Casting: Dazzling Flash (mildly dangerous; 3% risk of failure)
Confirm with . or Enter, or press ? or * to list all spells.
You don't have enough magic to cast this spell.
You slash the two-headed ogre!
The two-headed ogre is almost dead.
The two-headed ogre is struck by your spines.
The two-headed ogre hits you with a +0 giant club!! x2
* * * LOW HITPOINT WARNING * * *
Okay, then.
Okay, then.
What are your orders? t - Shout!
Orders for allies: a - Attack new target. r - Retreat! s - Stop attacking. g - Guard the area. f - Follow me.
Anything else - Cancel.
Gang up on whom?
Press: ? - help, Dir - move target, f - two-headed ogre
Aim: a two-headed ogre, wielding two +0 giant clubs (almost dead)
Okay, then.
Unknown command.
Okay, then.
Okay, then.
You barely miss the two-headed ogre.
The two-headed ogre is almost dead.
The two-headed ogre is struck by your spines.
The two-headed ogre closely misses you.
The two-headed ogre hits you with a +0 giant club!
You die...
Your body crumbles into a pile of gold.

....#..#.....#...#...........#...
########.....#...#...........#...
....#........#......#........#...
....#........#......#...#....#...
....#........#####..#...#....#...
....####.....#...#..#...######...
.......#.....#...#..#...#........
.......#.....#...#..#####........
#####...........@####...#........
.........######..O..#........#...
....#....# ##....#........#...
....#.8'8#{ #.#..#...#....#...
....#.#.######.#....#####........
......#..+.....#.................
....#.#..+.....#.................
#####.#.######.#.#..#####........
....#.8'8#{ #.#.)#...#.......>


You could see a two-headed ogre.

Vanquished Creatures
  A deep elf zephyrmancer (D:8)
  A deep elf pyromancer (D:10)
  A manticore (D:10)
  2 gargoyles (D:10)
  An unseen horror zombie (D:8)
  A tengu conjurer (D:10)
  A troll (D:9)
  A vampire (D:9)
  3 wyverns
  2 shadows
  11 yaks
  2 wraiths (D:10)
  3 steam dragons (D:6)
  A water moccasin (D:9)
  An orc warrior (D:10)
  6 black bears
  3 ogres
  A wolf (D:9)
  2 centaurs
  A phantom (D:5)
  A kobold brigand (D:9)
  A bullfrog (D:6)
  2 gnoll sergeants
  A scorpion (D:7)
  A necrophage (D:6)
  9 wights
  27 killer bees
  3 electric eels (D:9)
  5 centaur zombies (D:8)
  11 hounds
  3 jellies
  2 gnoll boudas
  4 orc priests
  An iguana (D:5)
  8 orc wizards
  A killer bee zombie (D:8)
  3 howler monkey zombies (D:8)
  28 gnolls
  6 adders
  A white imp (D:7)
  4 ufetubi
  3 dart slugs
  33 orcs
  9 ball pythons
  6 bats
  7 endoplasms
  3 giant cockroaches
  5 goblins
  7 hobgoblins
  5 jackals
  4 quokkas
  3 frilled lizards
  12 kobolds
  5 rats
  A butterfly (D:7)
270 creatures vanquished.

Vanquished Creatures (others)
  An adder (D:6)
  A withered plant (D:8)
2 creatures vanquished.

Grand Total: 272 creatures vanquished

Notes
Turn   | Place    | Note
-------+----------+-------------------------------------------
     0 | D:1      | croobank the Demonspawn Conjurer began the quest for the
                  | Orb.
     0 | D:1      | Reached XP level 1. HP: 13/13 MP: 3/3
   201 | D:1      | Gained mutation: You are partially covered in sharp spines.
                  | [demonic ancestry]
   201 | D:1      | Reached XP level 2. HP: 5/19 MP: 3/5
   424 | D:1      | Learned a level 2 spell: Searing Ray
  1208 | D:2      | Discovered your monstrous ancestry.
  1208 | D:2      | Gained mutation: You have sharp fingernails. [demonic
                  | ancestry]
  1208 | D:2      | Reached XP level 3. HP: 16/25 MP: 0/6
  1615 | D:2      | Reached skill level 1 in Fighting
  1804 | D:2      | Found a faded altar of an unknown god.
  2028 | D:2      | Found a snail-covered altar of Cheibriados.
  2034 | D:2      | Reached XP level 4. HP: 32/32 MP: 3/7
  3340 | D:3      | Found a hide-covered altar of Uskayaw.
  3635 | D:4      | Reached XP level 5. HP: 38/38 MP: 3/9
  4152 | D:4      | Learned a level 4 spell: Iskenderun's Mystic Blast
  4415 | D:4      | Gained mutation: You regenerate a little health from kills.
                  | [demonic ancestry]
  4415 | D:4      | Reached XP level 6. HP: 44/44 MP: 7/10
  4609 | D:5      | Entered Level 5 of the Dungeon
  4660 | D:5      | Reached skill level 1 in Translocations
  5081 | D:5      | Reached skill level 5 in Conjurations
  5167 | D:5      | Gained mutation: You have a small tail. [demonic ancestry]
  5167 | D:5      | Reached XP level 7. HP: 34/51 MP: 1/12
  5535 | D:6      | Noticed a steam dragon
  5813 | D:5      | Gained mutation: You have very sharp fingernails. [demonic
                  | ancestry]
  5813 | D:5      | Reached XP level 8. HP: 46/58 MP: 4/13
  7694 | D:7      | Found a staircase to the Ecumenical Temple.
  7713 | Temple   | Entered the Ecumenical Temple
  7805 | Temple   | Became a worshipper of Gozag Ym Sagoz the Greedy
  7956 | D:7      | Gained mutation: You have a pair of small antennae on your
                  | head. [demonic ancestry]
  7956 | D:7      | Reached XP level 9. HP: 65/65 MP: 7/15
  8201 | D:7      | Found Ximit's Jewellery Shop.
  8211 | D:7      | Bought a ring of see invisible for 180 gold pieces
  8214 | D:7      | Found Aniele's Distillery.
  8326 | D:7      | Bought a potion of heal wounds for 50 gold pieces
  8326 | D:7      | Bought a potion of heal wounds for 50 gold pieces
  8326 | D:7      | Bought a potion of curing for 30 gold pieces
  8326 | D:7      | Bought a potion of magic for 80 gold pieces
  8476 | D:7      | Reached skill level 5 in Stealth
  8476 | D:7      | Reached skill level 5 in Translocations
  8518 | D:7      | Found Eris's Antique Weapon Emporium.
  8646 | D:7      | Found Apresot's Armour Boutique.
  8894 | D:7      | Reached skill level 5 in Spellcasting
  9117 | D:8      | Reached skill level 5 in Dodging
  9386 | D:8      | Reached skill level 5 in Fighting
  9880 | D:8      | Gained mutation: You have a pair of antennae on your head.
                  | [demonic ancestry]
  9880 | D:8      | Reached XP level 10. HP: 32/73 MP: 2/18
 10136 | D:8      | Reached skill level 1 in Evocations
 10478 | D:8      | Noticed a deep elf zephyrmancer
 10485 | D:8      | Killed a deep elf zephyrmancer
 10486 | D:8      | Reached skill level 1 in Maces & Flails
 10774 | D:9      | Found a runed translucent door.
 10876 | D:9      | Found a runed translucent door.
 11184 | D:9      | Learned a level 3 spell: Dazzling Flash
 11189 | D:9      | Learned a level 4 spell: Olgreb's Toxic Radiance
 11581 | D:9      | Reached skill level 1 in Poison Magic
 12431 | D:9      | Found a staircase to the Lair.
 12567 | D:10     | Entered Level 10 of the Dungeon
 13089 | D:10     | Found a staircase to the Orcish Mines.
 13619 | D:10     | Found a large runed translucent door.
 13619 | D:10     | Found a large runed translucent door.
 13623 | D:10     | Noticed a centaur warrior
 13624 | D:10     | Noticed a manticore
 13648 | D:10     | Noticed a manticore
 13657 | D:10     | Killed a manticore
 13658 | D:10     | Gained mutation: You have claws for hands. [demonic
                  | ancestry]
 13658 | D:10     | Reached XP level 11. HP: 43/83 MP: 0/19
 13854 | D:10     | Identified the +5 morningstar of Nightmares {holy, rC+++
                  | Will- Int-4 Stlth+}
 13962 | D:10     | Found a large runed translucent door.
 13963 | D:10     | Found a large runed translucent door.
 14463 | D:10     | Found a large runed translucent door.
 14464 | D:10     | Found a large runed translucent door.
 14726 | D:11     | Noticed a two-headed ogre
 14926 | D:10     | Reached skill level 5 in Poison Magic
 15694 | D:10     | Noticed a deep elf pyromancer
 16026 | D:10     | Killed a deep elf pyromancer
 16598 | D:10     | Slain by a two-headed ogre

Illustrated notes

Levels and vault maps discovered:
D:1:      dpeg_arrival_arbitrary_c, layout_basic, nrook_uturn
D:2:      layout_basic, basic_altar, ebering_ecumenical_altar_webs
D:3:      layout_basic, eat_drink_and_be_merry_uskayaw
D:4:      layout_cave_pools, minmay_misc_feat_room
D:5:      layout_basic
D:6:      cheibrodos_steamvent, layout_basic
D:7:      layout_cave_pools, minmay_temple_entry_butterflies, serial_shops,
          shop, nicolae_take_the_stairs, nicolae_shop_crystal, shop
D:8:      layout_gridville, serial_undead, serial_undead_c, serial_undead_a,
          serial_undead_d, serial_undead_e, minmay_tree_intersection,
          nicolae_water_bricks, guppyfry_early_elven_hall
D:9:      lemuel_insect_pit, layout_loops_cross, erik_lair_island
D:10:     layout_grid_maze, jmf_multi_god_temple2,
          minmay_orc_entry_temple_small, minmay_hollow_rounded_squares
D:11:     layout_rooms, billiards_dpeg
Temple:   nicolae_temple_bog_church

Skill      XL: |  1  2  3  4  5  6  7  8  9 10 11 |
---------------+----------------------------------+-----
Stealth        | 2 3 4 5 6 7 |  7.3
Dodging        | 2 3 4 5 6 |  6.8
Fighting       | 1 2 3 4 5 6 7 |  7.0
Spellcasting   | 3 4 5 |  5.8
Translocations | 1 3 4 6 |  6.0
Conjurations   | 5 6 7 |  7.2
Evocations     | 2 |  2.0
Maces & Flails | 3 4 |  4.0
Poison Magic   | 4 5 |  5.5

Action                   |  1- 3 |  4- 6 |  7- 9 | 10-12 || total
-------------------------+-------+-------+-------+-------++-------
Melee: Dagger            |     8 |       |       |     1 ||     9
       Short sword       |     7 |       |       |       ||     7
       Flail             |     5 |    14 |       |       ||    19
       Quarterstaff      |       |     5 |    17 |       ||    22
       Tailslap          |       |       |    13 |    22 ||    35
       Long sword        |       |       |    98 |   162 ||   260
       Punch             |       |       |     3 |     1 ||     4
 Cast: Magic Dart        |    67 |    90 |    72 |    80 ||   309
       Searing Ray       |       |    23 |    27 |    17 ||    67
       Iskenderun's Myst |       |       |    11 |    45 ||    56
       Dazzling Flash    |       |       |       |     2 ||     2
       Olgreb's Toxic Ra |       |       |       |     1 ||     1
Invok: Potion Petition   |       |       |       |     1 ||     1
Evoke: Wand              |       |       |       |     7 ||     7
  Use: Potion            |     1 |       |     2 |     7 ||    10
       Scroll            |       |     3 |    10 |     2 ||    15
 Stab: Sleeping          |       |     2 |     2 |     2 ||     6
       Distracted        |       |       |     1 |     3 ||     4
Armor: Robe              |    11 |     3 |       |       ||    14
       Leather armour    |       |    11 |    17 |       ||    28
       Steam dragon scal |       |       |    61 |    42 ||   103
Dodge: Dodged            |    22 |    21 |   144 |   141 ||   328
